 Dungeon Sprint DCSS version 0.17-a0-957-ga3519be (webtiles) character file.

32 ahoge the Shield-Bearer (level 3, -8/25 HPs)
             Began as a Gargoyle Fighter on May 7, 2015.
             Was an Initiate of Okawaru.
             Mangled by an ice beast (14 damage)
             ... in the Dungeon (Sprint IX: "|||||||||||||||||||||||||||||").
             The game lasted 00:02:08 (154 turns).

ahoge the Shield-Bearer (Gargoyle Fighter)           Turns: 154, Time: 00:02:10

Health: -8/25      AC: 20    Str: 19    XL:     3   Next: 25%
Magic:  3/3        EV:  8    Int:  8    God:    Okawaru [......]
Gold:   0          SH: 10    Dex: 13    Spells: 0 memorised, 2 levels left

rFire  . . .     SeeInvis .     q - +2 morningstar (protect)
rCold  . . .     Clarity  .     t - +2 ring mail
rNeg   + . .     SustAb   .     c - +0 shield
rPois  ∞         Gourm    .     r - +0 helmet
rElec  +         Spirit   .     (no cloak)
rCorr  .         Warding  .     (no gloves)
rMut   .         NoTele   +     s - +0 pair of boots
MR     .....                    (no amulet)
Stlth  +.........               v - +3 ring of dexterity
                                u - +2 ring of protection

@: not resistant to hostile enchantments, very unstealthy
A: negative energy resistance 1, electricity resistance, unbreathing,
petrification resistance, rot immunity, AC +3
a: Renounce Religion


You were in the Dungeon.
You worshipped Okawaru.
Okawaru was noncommittal.
You were not hungry.

You visited 1 branch

Inventory:

Hand weapons
 q - a +2 morningstar of protection (weapon)
Armour
 c - a +0 shield (worn)
 r - a +0 helmet (worn)
 s - a +0 pair of boots (worn)
 t - a +2 ring mail (worn)
Jewellery
 u - a +2 ring of protection (left hand)
 v - a +3 ring of dexterity (right hand)
Magical devices
 p - a wand of cold (7)
Scrolls
 k - 2 scrolls of blinking
 n - 3 scrolls of remove curse
 o - 2 scrolls of amnesia
Potions
 d - a potion of might
 f - 5 potions of curing
 g - 3 potions of heal wounds
 h - a potion of haste
 i - 4 potions of magic
 j - a potion of berserk rage
 m - a potion of invisibility
Comestibles
 e - a bread ration
 l - 9 chunks of flesh


   Skills:
 + Level 4.8 Fighting
 + Level 3.0 Maces & Flails
 + Level 4.5 Armour
 + Level 0.2 Dodging
 + Level 5.1 Shields


You had 2 spell levels left.
You didn't know any spells.

Dungeon Overview and Level Annotations

Branches:
Dungeon (1/1)

Altars:
Cheibriados
Dithmenos
Elyvilon
Fedhas
Gozag
Kikubaaqudgha
Makhleb
Nemelex Xobeh
Okawaru
Qazlal
Ru
Sif Muna
Trog
Vehumet
Xom
Yredelemnul
Zin
The Shining One
Beogh
Jiyva
Lugonu


Innate Abilities, Weirdness & Mutations

You are resistant to torment.
Your stone body is resilient (AC +3).
You are immune to poison.
You resist negative energy.
You are resistant to electric shocks.
You can survive without breathing.
You are immune to petrification.
You are immune to rotting.


Message History

You are too injured to fight recklessly!
You are too injured to fight recklessly!
You are too injured to fight recklessly!
You are too injured to fight recklessly!
You barely miss the ice beast.
The ice beast is moderately wounded.
The ice beast hits you but does no damage. x2
You barely miss the ice beast.
The ice beast is moderately wounded.
The ice beast hits you but does no damage.
You hit the ice beast but do no damage.
The ice beast is moderately wounded.
You block the ice beast's attack.
You puncture the ice beast!
The ice beast is severely wounded.
You block the ice beast's attack. The ice beast hits you.
* * * LOW HITPOINT WARNING * * *
The ice beast freezes you!
Ouch! That really hurt!
You die... ▓▓▓▓▓▓▓▓▓▓▓▓▓▓▓▓▓▓▓▓▓▓▓▓ .OgKYaY@...[)|..'_______ ▓▓▓▓▓▓▓▓▓▓▓▓▓▓▓▓▓▓▓▓▓▓▓▓

You could see a yak, a two-headed ogre, an ice beast, a worker ant, a hobgoblin and a kobold.

Vanquished Creatures
  A worker ant (D)
  A bat (D)
  A bat zombie (D)
  A goblin (D)
  A hobgoblin (D)
  3 kobolds (D)
  A ball python skeleton (D)
  A rat (D)
10 creatures vanquished.

Notes
Turn   | Place    | Note
--------------------------------------------------------------
     0 | D        | ahoge, the Gargoyle Fighter, began the quest for the Orb.
     0 | D        | Reached XP level 1. HP: 14/14 MP: 1/1
    13 | D        | Reached skill level 4 in Shields
    31 | D        | Noticed a worker ant
    33 | D        | Reached XP level 2. HP: 18/20 MP: 2/2
    39 | D        | Killed a worker ant
    39 | D        | Reached skill level 5 in Shields
    39 | D        | Reached XP level 3. HP: 13/24 MP: 3/3
    59 | D        | Found a glowing silver altar of Zin.
    59 | D        | Found a glowing golden altar of the Shining One.
    59 | D        | Found an ancient bone altar of Kikubaaqudgha.
    59 | D        | Found a basalt altar of Yredelemnul.
    59 | D        | Found a shimmering altar of Xom.
    59 | D        | Found a radiant altar of Vehumet.
    60 | D        | Found an iron altar of Okawaru.
    61 | D        | Found a burning altar of Makhleb.
    62 | D        | Found a deep blue altar of Sif Muna.
    63 | D        | Found a bloodstained altar of Trog.
    64 | D        | Found a sparkling altar of Nemelex Xobeh.
    65 | D        | Found a white marble altar of Elyvilon.
    66 | D        | Found a roughly hewn altar of Beogh.
    67 | D        | Found a viscous altar of Jiyva.
    68 | D        | Became a worshipper of Warmaster Okawaru
    69 | D        | Found a corrupted altar of Lugonu.
    70 | D        | Found a blossoming altar of Fedhas.
    71 | D        | Found a snail-covered altar of Cheibriados.
    72 | D        | Found a shadowy altar of Dithmenos.
    73 | D        | Found a stormy altar of Qazlal.
    74 | D        | Found an opulent altar of Gozag.
    75 | D        | Found a sacrificial altar of Ru.
   142 | D        | Noticed a two-headed ogre
   142 | D        | Noticed a yak
   142 | D        | Noticed a worker ant
   142 | D        | Noticed an ice beast
   154 | D        | Mangled by an ice beast

Action                   || total
-------------------------++-------
Melee: Flail             ||    31
       Morningstar       ||    12
